 Dungeon Crawl Stone Soup version 0.20-a0-641-g673355a (webtiles) character file.

9560 shpingle the Covert (level 11, -8/40 HPs)
             Began as a Felid Ice Elementalist on Feb 13, 2017.
             Was a High Priest of Sif Muna.
             Shot with an arrow by Nessos (10 damage)
             ... on level 6 of the Lair of Beasts.
             The game lasted 01:49:02 (26140 turns).

shpingle the Covert (Felid Ice Elementalist)       Turns: 26140, Time: 01:49:03

Health: -8/40      AC:  2    Str:  4    XL:     11   Next: 24%
Magic:  3/23       EV: 26    Int: 18    God:    Sif Muna [*****.]
Gold:   350        SH:  5    Dex: 19    Spells: 4/25 levels left
                                        Lives:  0   Deaths: 3

rFire    x . .     SeeInvis +     - Unarmed
rCold    + . .     Gourm    .   (armour unavailable)
rNeg     . . .     Faith    .   (shield unavailable)
rPois    .         Spirit   .   (helmet unavailable)
rElec    .         Reflect  +   (cloak unavailable)
rCorr    .         Harm     .   (gloves unavailable)
MR       +....                  (boots unavailable)
Stlth    ++++++....             A - +5 amulet of reflection
Regen    0.2/turn               V - ring of ice
MPRegen  0.2/turn               Z - ring of stealth

@: lethally poisoned (-8 -> -20), quick
A: no armour, no weapons or thrown items, stealth, claws 1, fangs 3, see
invisible, carnivore 3, speed 1, shaggy fur 2, slow metabolism 1, MP-powered
wands, sharp paws
a: Divine Energy, Channel Magic, Forget Spell, Renounce Religion


You were on level 6 of the Lair of Beasts.
You worshipped Sif Muna.
Sif Muna was extremely pleased with you.
You were not hungry.

You visited 2 branches of the dungeon, and saw 14 of its levels.
You also visited: Volcano.

You collected 775 gold pieces.
You spent 425 gold pieces at shops.

Inventory:

Missiles
 d - 241 arrows
Jewellery
 e - an uncursed ring of protection from fire
 j - an uncursed ring of protection from fire
 A - a +5 amulet of reflection (around neck)
 V - a ring of ice (right paw)
 Z - a ring of stealth (left paw)
Wands
 N - a wand of polymorph (9/24)
 O - a wand of enslavement (7/24)
 U - a wand of lightning (6/15)
Scrolls
 h - 3 scrolls of teleportation
 l - 13 scrolls of remove curse
 n - a scroll of amnesia
 y - a scroll of blinking
 X - a scroll of immolation {unknown}
Potions
 r - a potion of heal wounds
 s - a potion of haste
 w - 3 potions of might
 B - 2 potions of resistance
 E - 3 potions of flight
 G - 6 potions of curing
 H - 2 potions of brilliance
 I - 2 potions of cancellation
 M - a potion of invisibility
 S - a potion of agility
Books
 a - a book of Frost

   Spells                             Type                      Level
   a - Freeze                         Ice                          1
   b - Throw Frost                    Conjuration/Ice              2
   c - Ozocubu's Armour               Charms/Ice                   3
   d - Throw Icicle                   Conjuration/Ice              4
   e - Summon Ice Beast               Ice/Summoning                4
 K - a book of Maledictions

   Spells                             Type                      Level
   a - Corona                         Hexes                        1
   b - Ensorcelled Hibernation        Hexes/Ice                    2
   c - Confuse                        Hexes                        3
   d - Tukima's Dance                 Hexes                        3
   e - Dazzling Spray                 Conjuration/Hexes            3
 T - Qurhut's Compendium of Inference {god gift}
   (Sif Muna gifted it to you on level 1 of the Lair of Beasts)

   Spells                             Type                      Level
   a - Shroud of Golubria             Charms/Translocation         2
   b - Blink                          Translocation                2
   c - Teleport Other                 Translocation                3
   d - Malign Gateway                 Summoning/Translocation      7
   e - Controlled Blink               Translocation                8
 W - Sif Muna's Disquisition on Bewitching Feathers {god gift}
   (Sif Muna gifted it to you on level 4 of the Lair of Beasts)

   Spells                             Type                      Level
   a - Swiftness                      Charms/Air                   2
   b - Slow                           Hexes                        2
   c - Inner Flame                    Hexes/Fire                   3
   d - Fulminant Prism                Conjuration/Hexes            4
   e - Summon Mana Viper              Hexes/Summoning              5
   f - Conjure Ball Lightning         Conjuration/Air              6
 Y - a book of Necromancy

   Spells                             Type                      Level
   a - Pain                           Necromancy                   1
   b - Animate Skeleton               Necromancy                   1
   c - Vampiric Draining              Necromancy                   3
   d - Regeneration                   Charms/Necromancy            3
   e - Animate Dead                   Necromancy                   4
   f - Control Undead                 Necromancy                   4
Comestibles
 b - 6 meat rations


   Skills:
 + Level 9.6 Dodging
 - Level 10.1 Stealth
 + Level 7.9 Unarmed Combat
 + Level 7.7 Spellcasting
 + Level 7.3 Conjurations
 + Level 9.4 Hexes
 - Level 5.0 Charms
 - Level 4.0 Summonings
 - Level 6.0 Translocations
 + Level 9.6 Ice Magic


You had 4 spell levels left.
You knew the following spells:

 Your Spells              Type           Power        Failure   Level  Hunger
a - Freeze                Ice            ####         1%          1    None
b - Throw Icicle          Conj/Ice       ######..     3%          4    ###....
c - Ozocubu's Armour      Chrm/Ice       ######..     1%          3    #......
d - Ensorcelled Hibernat  Hex/Ice        ######       1%          2    None
e - Summon Ice Beast      Ice/Summ       #####...     8%          4    ###....
g - Teleport Other        Tloc           ####....     2%          3    #......
h - Shroud of Golubria    Chrm/Tloc      ####......   1%          2    None
k - Blink                 Tloc           N/A          1%          2    None


Dungeon Overview and Level Annotations

Branches:
Dungeon (8/15)             Temple (0/1) D:6            Lair (6/6) D:8
  Swamp (0/4) Lair:2       Spider (0/4) Lair:3
  Slime: Lair:5-6

Altars:
Ashenzari
Hepliaklqana
Makhleb
Nemelex Xobeh
Qazlal
Sif Muna
Uskayaw
Vehumet
Xom
Yredelemnul
Zin
The Shining One

Shops:
D:6 =

Annotations:
D:3 exclusion: downstairs
Lair:4 Snorg
Lair:6 Nessos


Innate Abilities, Weirdness & Mutations

You cannot wear armour.
You are incapable of wielding weapons or throwing items.
Your paws allow you to move quietly. (Stealth)
You have sharp claws.
You have razor-sharp teeth.
You have supernaturally acute eyesight. (SInv)
You are carnivorous and can eat meat at any time.
You cover ground quickly.
You are covered in thick fur. (AC +2)
You have a slow metabolism.
Your sharp claws are effective at attacking unaware monsters.
You expend magic power (3 MP) to strengthen your wands.


Message History

Nessos unwields an uncursed longbow of flaming.
It stops flaming.
Nessos hits your ice beast but does no damage.
A hell hound and a spiny frog come into view.
Nessos wields an uncursed longbow of flaming.
It bursts into flame!
Nessos shoots an arrow.
The arrow barely misses your ice beast.
The arrow closely misses your ice beast.
The arrow completely misses you.
Your ice beast hits Nessos but does no damage.
Nessos blinks!
The hell hound barely misses your ice beast.
Your ice beast hits the water moccasin.
Your ice beast freezes the water moccasin!
The water moccasin seems to slow down.
The hell hound bites your ice beast.
Nessos shoots an arrow.
The arrow hits you!!
* * * LOW HITPOINT WARNING * * *
The arrow burns you!
You are lethally poisoned!
You die...

PP.........(..█ ◙.PP..c...F(..██
██ ◙PP......t..§h.██ █████. ◙
◙P.........SY...███████.....
.◙◙..........Y.h..............
..............................
◙P...........♪..............
◙...........................
◙..........@................
..◙◙◙...........................
.......<.....................[..
█↑..P.███..█P█..█.██[...█...█..█
..█.█ ██.████████.████████████ █
███ ███


You could see Nessos, a spiny frog, a water moccasin, 2 hell hounds, a crocodile
and 2 friendly ice beasts.

Vanquished Creatures
  A red draconian (Volcano)
  3 hydras
  2 salamanders (Volcano)
  5 black mambas
  3 spiny frogs
  6 komodo dragons
  2 rime drakes
  2 polar bears
  3 blink frogs (Lair:3)
  4 hippogriffs
  8 yaks
  Sigmund (D:2)
  2 basilisks
  2 wyverns
  Menkaure (D:6)
  Edmund (D:6)
  8 water moccasins
  4 porcupines
  An orc warrior (D:8)
  2 black bears
  2 ogres
  An ice beast (D:5)
  A sky beast (D:6)
  A phantom (D:6)
  4 wolves
  2 centaurs
  9 crocodiles
  5 big kobolds (D:3)
  6 bullfrogs
  2 scorpions
  3 crimson imps
  A quasit (D:7)
  2 centaur skeletons (D:8)
  A jelly (D:8)
  A centaur zombie (D:5)
  6 orc priests
  A hound (D:6)
  9 orc wizards
  Crazy Yiuf (D:3)
  2 iguanas
  8 worker ants
  A hound zombie (D:8)
  A worker ant zombie (D:8)
  Robin (D:4)
  15 gnolls
  7 adders
  An ooze (D:5)
  3 adder skeletons
  A worm (D:2)
  7 leopard geckos
  22 orcs
  8 bats
  7 giant cockroaches
  43 goblins
  31 hobgoblins
  7 jackals
  12 kobolds
  3 quokkas
  4 ball pythons
  6 frilled lizards
  A jackal skeleton (D:4)
  A leopard gecko skeleton (D:6)
  5 rats
316 creatures vanquished.

Vanquished Creatures (collateral kills)
  3 hydras
  An elephant (Lair:5)
  3 spiny frogs
  2 komodo dragons
  A rime drake (Lair:6)
  3 blink frogs
  4 hippogriffs
  8 yaks
  Eustachio (D:6)
  2 water moccasins
  4 porcupines
  A sky beast (D:7)
  An ice beast (D:6)
  2 black bears
  An ogre (D:8)
  A wolf (Lair:2)
  6 crocodiles
  3 bullfrogs
  A bullfrog zombie (D:6)
  A bullfrog skeleton (D:7)
  An iguana (D:6)
  A howler monkey skeleton (D:8)
  An adder (D:6)
  2 orcs (D:7)
54 creatures vanquished.

Vanquished Creatures (others)
  An orc wizard (D:3)
  10 fungi
  3 plants
14 creatures vanquished.

Grand Total: 384 creatures vanquished

Notes
Turn   | Place    | Note
-------+----------+-------------------------------------------
     0 | D:1      | shpingle the Felid Ice Elementalist began the quest for the Orb.
     0 | D:1      | Reached XP level 1. HP: 7/7 MP: 4/4
   170 | D:1      | Reached skill level 3 in Stealth
   601 | D:1      | Reached XP level 2. HP: 11/11 MP: 4/6
   606 | D:1      | Learned a level 2 spell: Throw Frost
   911 | D:1      | Reached skill level 4 in Stealth
   911 | D:1      | Reached skill level 3 in Ice Magic
   911 | D:1      | Reached XP level 3. HP: 14/14 MP: 0/7
  1543 | D:2      | Noticed Sigmund
  2395 | D:2      | Found a radiant altar of Vehumet.
  2416 | D:2      | Reached XP level 4. HP: 18/18 MP: 4/8
  2424 | D:2      | Learned a level 3 spell: Ozocubu's Armour
  2589 | D:2      | Killed Sigmund
  2589 | D:2      | Reached skill level 6 in Stealth
  2589 | D:2      | Reached XP level 5. HP: 17/21 MP: 1/9
  2998 | D:2      | Found a deep blue altar of Sif Muna.
  3004 | D:2      | Became a worshipper of Sif Muna the Loreminder
  3449 | D:3      | Found a shimmering altar of Xom.
  3644 | D:3      | Reached skill level 3 in Unarmed Combat
  3644 | D:3      | Gained mutation: You are covered in thick fur. (AC +2) [Felid growth]
  3644 | D:3      | Reached XP level 6. HP: 11/24 MP: 1/10
  3869 | D:3      | Reached * piety under Sif Muna
  3869 | D:3      | Reached ** piety under Sif Muna
  3869 | D:3      | Reached *** piety under Sif Muna
  3869 | D:3      | Reached skill level 3 in Conjurations
  3869 | D:3      | Reached skill level 6 in Translocations
  3869 | D:3      | Reached XP level 7. HP: 27/27 MP: 10/14
  3877 | D:3      | Learned a level 4 spell: Throw Icicle
  5496 | D:3      | Reached skill level 3 in Dodging
  5889 | D:3      | Reached **** piety under Sif Muna
  6048 | D:3      | Reached XP level 8. HP: 31/31 MP: 6/15
  6642 | D:3      | Found a runed door.
  6985 | D:3      | Noticed Crazy Yiuf
  6995 | D:3      | Killed Crazy Yiuf
  7545 | D:4      | Noticed Robin
  7738 | D:4      | Killed Robin
  8529 | D:4      | Found a hazy altar of Hepliaklqana.
  8822 | D:5      | Entered Level 5 of the Dungeon
  8901 | D:5      | Found a stormy altar of Qazlal.
  8939 | D:5      | Found a glowing golden altar of the Shining One.
  9111 | D:5      | Learned a level 4 spell: Summon Ice Beast
  9128 | D:5      | Reached skill level 7 in Stealth
  9128 | D:5      | Reached XP level 9. HP: 34/34 MP: 17/17
  9371 | D:5      | Learned a level 2 spell: Ensorcelled Hibernation
 11081 | D:6      | Gained mutation: You expend magic power (3 MP) to strengthen your wands. [mutagenic meat]
 11082 | D:6      | Found a staircase to the Ecumenical Temple.
 11174 | D:6      | Noticed Edmund
 11181 | D:6      | Killed Edmund
 11482 | D:6      | Found Zedousuh's Jewellery Boutique.
 11930 | D:6      | Found a shattered altar of Ashenzari.
 11930 | D:6      | Found a burning altar of Makhleb.
 11930 | D:6      | Noticed Menkaure
 11933 | D:6      | Killed Menkaure
 12041 | D:6      | Noticed Eustachio
 12059 | D:6      | Killed Eustachio
 12997 | D:7      | Found a glowing silver altar of Zin.
 13031 | D:7      | Found a sparkling altar of Nemelex Xobeh.
 13843 | D:8      | Reached XP level 10. HP: 37/37 MP: 10/19
 14092 | D:8      | Reached skill level 8 in Stealth
 14473 | D:8      | Noticed a two-headed ogre
 14927 | D:8      | Found a basalt altar of Yredelemnul.
 15369 | D:8      | Found a staircase to the Lair.
 15397 | Lair:1   | Entered Level 1 of the Lair of Beasts
 15649 | Lair:1   | Noticed a four-headed hydra
 15742 | D:8      | Impaled on a porcupine's spines
 15743 | D:8      | Reached XP level 9. HP: -5/34 MP: 0/18
 16185 | Lair:1   | Killed a four-headed hydra
 16185 | Lair:1   | Reached ***** piety under Sif Muna
 16185 | Lair:1   | Reached skill level 6 in Dodging
 16185 | Lair:1   | Reached skill level 3 in Summonings
 16321 | Lair:1   | Noticed a komodo dragon
 16351 | Lair:1   | Killed a komodo dragon
 16844 | Lair:1   | Identified Qurhut's Compendium of Inference {god gift} (Sif Muna gifted it to you on level 1 of the Lair of Beasts)
 16844 | Lair:1   | Received a gift from Sif Muna
 16844 | Lair:1   | Reached XP level 10. HP: 25/37 MP: 11/19
 16849 | Lair:1   | Learned a level 3 spell: Teleport Other
 16970 | Lair:1   | Noticed a black mamba
 16980 | Lair:1   | Killed a black mamba
 17023 | Lair:1   | Found a hide-covered altar of Uskayaw.
 17502 | Lair:2   | Reached skill level 6 in Spellcasting
 17737 | Lair:1   | Noticed a black mamba
 17912 | Lair:2   | Noticed a spiny frog
 17921 | Lair:2   | Killed a spiny frog
 18220 | Lair:2   | Found a staircase to the Swamp.
 18246 | Lair:2   | Noticed a spiny frog
 18258 | Lair:2   | Killed a spiny frog
 18624 | Lair:2   | Reached skill level 9 in Stealth
 18674 | Lair:2   | Noticed a four-headed hydra
 18691 | Lair:2   | Killed a four-headed hydra
 18691 | Lair:2   | Reached skill level 6 in Unarmed Combat
 19273 | Lair:2   | Reached skill level 6 in Conjurations
 19416 | Lair:3   | Reached XP level 11. HP: 33/40 MP: 5/21
 19452 | Lair:3   | Found a dark tunnel.
 19538 | Volcano  | Entered a volcano
 19544 | Volcano  | Noticed a red draconian
 19559 | Volcano  | HP: 1/40 [salamander/trident (14)]
 19559 | Volcano  | Slain by a salamander
 19560 | Volcano  | Reached XP level 10. HP: -3/37 MP: 1/20
 19563 | Volcano  | Learned a level 2 spell: Shroud of Golubria
 19565 | Volcano  | Noticed a salamander
 19579 | Volcano  | Killed a salamander
 19593 | Volcano  | Killed a red draconian
 19598 | Volcano  | Killed a salamander
 19828 | Volcano  | Learned a level 2 spell: Blink
 19985 | Lair:3   | Noticed an eight-headed hydra
 20012 | Lair:3   | Noticed a black mamba
 20134 | Lair:3   | Noticed a spiny frog
 20140 | Lair:3   | Killed a spiny frog
 20456 | Lair:3   | Noticed a six-headed hydra
 20478 | Lair:3   | Killed a six-headed hydra
 20496 | Lair:3   | Killed a black mamba
 20985 | Lair:3   | Killed an eight-headed hydra
 20985 | Lair:3   | Reached skill level 10 in Stealth
 20985 | Lair:3   | Reached XP level 11. HP: 17/40 MP: 0/22
 21739 | Lair:3   | Noticed an eight-headed hydra
 21741 | Lair:3   | Found a hole to the Spider Nest.
 21747 | Lair:3   | Killed an eight-headed hydra
 21747 | Lair:3   | Reached skill level 9 in Ice Magic
 23288 | Lair:4   | Identified Sif Muna's Disquisition on Bewitching Feathers {god gift} (Sif Muna gifted it to you on level 4 of the Lair of Beasts)
 23288 | Lair:4   | Received a gift from Sif Muna
 23334 | Lair:4   | Noticed an eight-headed hydra
 23401 | Lair:4   | HP: 1/40 [eight-headed hydra (8)]
 23828 | Lair:4   | Reached skill level 9 in Dodging
 24060 | Lair:4   | Noticed Snorg
 24068 | Lair:4   | HP: 1/40 [Snorg (6)]
 24071 | Lair:4   | Demolished by Snorg
 24072 | Lair:4   | Reached XP level 10. HP: -15/37 MP: 6/22
 24288 | Lair:5   | Noticed an elephant
 24288 | Lair:5   | Noticed an elephant
 24315 | Lair:5   | Reached skill level 9 in Hexes
 24461 | Lair:5   | Noticed an elephant
 24461 | Lair:5   | Noticed an elephant
 24463 | Lair:5   | Noticed an elephant
 24463 | Lair:5   | Noticed an elephant
 24616 | Lair:5   | Noticed a five-headed hydra
 24949 | Lair:5   | Noticed a black mamba
 24956 | Lair:5   | Killed a black mamba
 24956 | Lair:5   | Reached XP level 11. HP: 16/40 MP: 1/23
 25425 | Lair:6   | Entered Level 6 of the Lair of Beasts
 25758 | Lair:3   | Killed an eight-headed hydra
 25863 | D:6      | Bought an uncursed ring of stealth for 175 gold pieces
 25863 | D:6      | Bought an uncursed ring of ice for 250 gold pieces
 26123 | Lair:6   | Noticed Nessos
 26140 | Lair:6   | HP: 2/40 [Nessos/arrow (18)]
 26140 | Lair:6   | Shot with an arrow by Nessos

Vault maps used:
D:1:      sevenhm_arrival_forest_fort_large_4
D:2:      lemuel_doored_altar, led_sif_pool, uniq_sigmund
D:3:      minmay_goblin_kobold_castle, lemuel_round_altar,
          uniq_crazy_yiuf_cottage
D:4:      lemuel_crystal_altar, first_bread, grunt_ministairs_2, uniq_robin
D:5:      basic_altar, nicolae_qazlal_eye_of_the_storm
D:6:      chequers_temple_overflow_statue_of_worship, temple_fountains,
          serial_shops, nicolae_shop_stone, roderic_filled_cross,
          uniq_eustachio, uniq_edmund, uniq_menkaure
D:7:      zin_scriptorium, nemelex_xobeh_ov_fountains_minmay
D:8:      lemuel_round_altar, grunt_lair_entry_orc_guard_hut
Lair:1:   basic_altar, grunt_megastairs_2
Lair:2:   swamp_mist_pool, beast_lair_carwin_8, grunt_megastairs_1
Lair:3:   dummy_spider_entry, nicolae_volcano_entry_s_turn,
          hangedman_lair_generics_rect
Lair:4:   lemuel_fruit_tree, uniq_snorg
Lair:5:   slime_altar_1, infiniplex_staircase_pool, grunt_megastairs_3,
          serial_bayou_shore_b, serial_bayou_shore_b
Lair:6:   cheibrodos_lair_end_hotspot, uniq_nessos
Volcano:  volcano_caves

Skill      XL: |  1  2  3  4  5  6  7  8  9 10 11 |
---------------+----------------------------------+-----
Stealth        | 3 4 6 7 10 | 10.1
Unarmed Combat | 1 2 3 5 6 7 |  7.9
Ice Magic      | 3 7 8 9 |  9.6
Spellcasting   | 4 5 6 7 |  7.7
Conjurations   | 3 4 5 6 7 |  7.3
Hexes          | 8 9 |  9.4
Charms         | 5 |  5.0
Translocations | 6 |  6.0
Dodging        | 3 4 6 8 9 |  9.6
Summonings     | 3 4 |  4.0

Action                   |  1- 3 |  4- 6 |  7- 9 | 10-12 || total
-------------------------+-------+-------+-------+-------++-------
Melee: Unarmed           |    20 |    16 |   115 |   166 ||   317
       Bite              |     2 |     2 |     3 |    10 ||    17
       Punch             |       |     1 |       |     5 ||     6
 Cast: Freeze            |    23 |    33 |   146 |   136 ||   338
       Throw Frost       |    23 |    21 |   204 |    50 ||   298
       Ozocubu's Armour  |       |     1 |    25 |    48 ||    74
       Throw Icicle      |       |       |    16 |    51 ||    67
       Summon Ice Beast  |       |       |    24 |    90 ||   114
       Ensorcelled Hiber |       |       |     9 |    71 ||    80
       Blink             |       |       |       |    18 ||    18
       Teleport Other    |       |       |       |     4 ||     4
       Shroud of Golubri |       |       |       |     1 ||     1
  Use: Potion            |       |     3 |     1 |     6 ||    10
       Scroll            |       |     4 |     7 |    15 ||    26
 Stab: Sleeping          |     4 |     2 |    34 |    38 ||    78
       Distracted        |       |       |     3 |     2 ||     5
  Eat: Chunk             |    11 |     5 |    32 |    53 ||   101
       Royal jelly       |       |       |       |     1 ||     1
Armor: Skin              |     3 |       |    25 |    48 ||    76
Dodge: Dodged            |    30 |    39 |   229 |   290 ||   588
Block: Other             |       |       |     1 |    79 ||    80
       Reflection        |       |       |       |     4 ||     4
